 Dungeon Crawl Stone Soup version 0.29-a0-283-ga02f740833 (webtiles) character file.

Game seed: 9154360291225923711

72 Dabor the Shield-Bearer (level 4, -4/29 HPs)
             Began as a Gargoyle Fighter on Mar 13, 2022.
             Slain by Sigmund
             ... wielding a +0 scythe
              (7 damage)
             ... on level 2 of the Dungeon.
             The game lasted 00:01:58 (1031 turns).

Dabor the Shield-Bearer (Gargoyle Fighter)          Turns: 1031, Time: 00:01:59

Health: -4/29      AC: 15    Str: 34    XL:     4   Next: 25%
Magic:  4/4        EV:  9    Int:  8    God:
Gold:   32         SH:  4    Dex:  9    Spells: 3/3 levels left

rFire   . . .      SeeInvis .   a - +0 flail
rCold   . . .      Faith    .   c - +0 buckler
rNeg    + . .      Spirit   .   b - +0 scale mail
rPois   ∞          Reflect  .   (no helmet)
rElec   +          Harm     .   e - +1 cloak
rCorr   .          Rampage  .   (no gloves)
Will    .....                   f - +2 pair of boots
Stlth   ..........              (no amulet)
HPRegen 0.09/turn               g - +6 ring of strength
MPRegen 0.09/turn               l - +6 ring of strength

@: hasted, very quick
A: sickness immunity, AC +3, negative energy resistance 1, electricity
resistance, torment resistance 1, petrification resistance
a: no special abilities


You were on level 2 of the Dungeon.
You visited 1 branch of the dungeon, and saw 2 of its levels.

You collected 32 gold pieces.

Inventory:

Hand Weapons
 a - a +0 flail (weapon)
Armour
 b - a +0 scale mail (worn)
 c - a +0 buckler (worn)
 e - a +1 cloak (worn)
 f - a +2 pair of boots (worn)
Jewellery
 g - a +6 ring of strength (left hand)
 l - a +6 ring of strength (right hand)
Scrolls
 j - a scroll of noise


   Skills:
 + Level 3.9 Fighting
 + Level 2.7 Maces & Flails
 + Level 3.8 Armour
 + Level 4.0 Shields


You had 3 spell levels left.
You didn't know any spells.
Your spell library was empty.

Dungeon Overview and Level Annotations

Branches:
Dungeon (2/15)

Altars:

Shops:
D:2 *

Annotations:
D:2 Sigmund


Innate Abilities, Weirdness & Mutations

You are immune to sickness and miasma.
Your stone body is resilient. (AC +3)
You are immune to poison.
You resist negative energy. (rN+)
You are resistant to electric shocks. (rElec)
You are resistant to unholy torment.
You are immune to petrification.


Message History

The goblin unwields a +0 hunting sling.
The goblin wields a +0 dagger.
The goblin closely misses you. Something hits you but does no damage.
The goblin barely misses you.
You closely miss the goblin. The goblin hits you with a +0 dagger.
* * * LOW HITPOINT WARNING * * *
Something hits you.
* * * LOW HITPOINT WARNING * * *
You sock the goblin!
You kill the goblin!
Sigmund appears from thin air!
Reactivating autopickup.
It was a potion of curing.
You feel better.
You feel a little less mighty now. You block Sigmund's attack.
It was a potion of haste.
You feel yourself speed up.
Sigmund mumbles some strange words.
Sigmund flickers and vanishes!
Deactivating autopickup; reactivate with Ctrl-A.
Something hits you.
Items here: " $ )))) ††††.
You miss something. Something hits you.
* * * LOW HITPOINT WARNING * * *
You hit something but do no damage. You miss something.
You hear some strange, mumbled words.
You are confused.
You closely miss something. Something hits you but does no damage.
You bump into the rock wall.
You bump into the rock wall.
Something hits you.
* * * LOW HITPOINT WARNING * * *
You aren't carrying any potions.
You are too confused!
Items here: " $ )))) ††††.
You closely miss something. Something hits you but does no damage.
Items here: ! ) [[ †.
Sorry, you're not good enough to have a special ability.
You sock something!
You feel less confused. Something hits you!
You die...

. #. .# . ..#.# .# .. #.#.###.#
... #.#... .# ....
#....##.#..... #.........####
#............. #..##.#'#..S..
#..@{.'∩'..... ###)###'#.. .
#.###.# ..# #..##.# ..# ##.##.#
........# ... #.##.# ......#.#
#.#########..#.# ........
#######........###.#.####.....#
# #.....#........#
#.....##.....#.#


There were no monsters in sight!

Vanquished Creatures
  Robin (D:2)
  An adder (D:2)
  2 dart slugs (D:1)
  3 endoplasms
  9 goblins
  7 hobgoblins
  6 jackals (D:1)
  A kobold (D:1)
  5 ball pythons
  3 bats (D:1)
  A frilled lizard (D:1)
  4 rats
43 creatures vanquished.

Notes
Turn   | Place    | Note
-------+----------+-------------------------------------------
     0 | D:1      | Dabor the Gargoyle Fighter began the quest for the Orb.
     0 | D:1      | Reached XP level 1. HP: 14/14 MP: 1/1
   165 | D:1      | Reached XP level 2. HP: 18/19 MP: 2/2
   333 | D:1      | Reached XP level 3. HP: 23/23 MP: 3/3
   633 | D:1      | You fall into a shaft and drop 1 floor!
   685 | D:2      | Found a faded altar of an unknown god.
   981 | D:2      | Noticed Sigmund
   983 | D:2      | Noticed Robin
  1000 | D:2      | Found Zoavveuh's General Store.
  1007 | D:2      | Killed Robin
  1008 | D:2      | Reached XP level 4. HP: 8/29 MP: 4/4
  1014 | D:2      | Reached skill level 4 in Shields
  1031 | D:2      | Slain by Sigmund

Illustrated notes

Levels and vault maps discovered:
D:1:      wander_arrival_peaceful_grave, layout_loops_ring
D:2:      cheibrodos_old_hovel, layout_basic, serial_shops,
          nicolae_shop_behind_doors, nicolae_ecumenical_pavilion, uniq_sigmund,
          uniq_robin

Skill      XL: |  1  2  3  4 |
---------------+-------------+-----
Shields        | 4 |  4.0
Fighting       | |  3.9
Maces & Flails | |  2.7
Armour         | |  3.8

Action                   |  1- 3 |  4- 6 || total
-------------------------+-------+-------++-------
Melee: Flail             |    97 |    14 ||   111
  Use: Scroll            |     2 |       ||     2
       Potion            |     1 |     2 ||     3
Armor: Scale mail        |    85 |     6 ||    91
Dodge: Dodged            |    66 |     7 ||    73
Block: Buckler           |    18 |     2 ||    20

Table legend: (Time is in decaauts)
 A = Elapsed time spent in this place.
 B = Non-inter-level travel time spent in this place.
 C = Inter-level travel time spent in this place.
 D = Time resting spent in this place.
 E = Time spent auto-exploring this place.
 F = Levels seen in this place.
 G = Mean time per level.
                   A        B        C        D        E       F      G
               +--------+--------+--------+--------+--------+-----+--------+
         Total |   1060 |    999 |     61 |      0 |    709 |   2 |  530.0 |
       Dungeon |   1060 |    999 |     61 |      0 |    709 |   2 |  530.0 |
               +--------+--------+--------+--------+--------+-----+--------+

Top non-repeatable levels by time:
     D:1: 870 daAuts
     D:2: 190 daAuts
